 Dungeon Crawl Stone Soup version 0.24-a0-618-ge4662a2d14 (webtiles) character file.

Game seed: 15815247274895501156, levelgen mode: deterministic

3175 Oninnaise the Cleaver (level 9, -3/75 HPs)
             Began as a Demonspawn Chaos Knight on Sept 16, 2019.
             Was a Plaything of Xom.
             Killed from afar by an orc wizard (5 damage)
             ... with a magic dart
             ... on level 8 of the Dungeon.
             The game lasted 00:21:33 (9268 turns).

Oninnaise the Cleaver (Demonspawn Chaos Knight)     Turns: 9268, Time: 00:21:34

Health: -3/75      AC: 12    Str: 15    XL:     9   Next: 63%
Magic:  0/9        EV: 11    Int: 15    God:    Xom [.*....]
Gold:   443        SH:  0    Dex: 14    Spells: 8/8 levels left

rFire    . . .     SeeInvis .   a - +3 hand axe (chop)
rCold    . . .     Gourm    .   (no shield)
rNeg     . . .     Faith    .   b - +3 leather armour
rPois    .         Spirit   +   e - +0 helmet
rElec    .         Reflect  .   s - +0 cloak
rCorr    .         Harm     .   (no gloves)
MR       .....                  (no boots)
Stlth    +++.......             (no amulet)
HPRegen  0.22/turn              g - +2 ring of intelligence
MPRegen  0.22/turn              (no ring)

@: about to teleport
A: claws 1, hooves 1, iridescent scales 2, deterioration 1, powered by death 1,
robust 2, magic shield, magic regeneration
a: Renounce Religion


You were on level 8 of the Dungeon.
You worshipped Xom.
You were a plaything of Xom.
You were hungry.

You visited 1 branch of the dungeon, and saw 8 of its levels.

You collected 443 gold pieces.

Inventory:

Hand Weapons
 a - a +3 hand axe of chopping (weapon)
Armour
 b - a +3 leather armour (worn)
 d - a +2 shield
 e - a +0 helmet (worn)
 s - a +0 cloak (worn)
Jewellery
 g - a +2 ring of intelligence (left claw)
 h - the ring of Noon {MR- Str+4 Dex+3 Stlth+}
   (Xom gifted it to you on level 4 of the Dungeon)

   [ring of stealth]

   It affects your strength (+4).
   It affects your dexterity (+3).
   It affects your resistance to hostile enchantments.
   It makes you more stealthy.
 m - an uncursed amulet of harm {unknown}
 o - an uncursed ring of ice
Wands
 n - a wand of acid (7)
Scrolls
 k - 3 scrolls of magic mapping
 p - 4 scrolls of remove curse
 r - a scroll of teleportation
 v - 2 scrolls of immolation
Potions
 f - a potion of haste
 j - 3 potions of flight
 q - 2 potions of agility
Comestibles
 c - 4 rations
 i - a chunk of flesh


   Skills:
 - Level 3.0 Fighting
 + Level 11.0 Axes
 - Level 1.7 Armour
 - Level 0.8 Dodging
 + Level 6.7 Stealth


You had 8 spell levels left.
You didn't know any spells.
Your spell library contained the following spells:

 Spells                   Type           Power        Failure   Level  Hunger
 Beastly Appendage        Tmut           #.....       32%         1    ##.....
 Confusing Touch          Hex            #.....       32%         1    ##.....
 Sticks to Snakes         Tmut           #.......     45%         2    ###....
 Confuse                  Hex            #.......     69%         3    ####...
 Gell's Gravitas          Tloc           #.........   69%         3    ####...
 Spider Form              Tmut/Pois      #.........   69%         3    ####...
 Ice Form                 Ice/Tmut       #.......     97%         4    #####..
 Petrify                  Tmut/Erth      #.......     97%         4    #####..
 Blade Hands              Tmut           #.........   100%        5    ######.
 Metabolic Englaciation   Hex/Ice        #.........   100%        5    ######.
 Yara's Violent Unravell  Hex/Tmut       #.........   100%        5    ######.


Dungeon Overview and Level Annotations

Branches:
Dungeon (8/15)             Temple (0/1) D:6
   Lair: D:8-11

Altars:
Elyvilon
Fedhas
Gozag
Qazlal
Ru
Trog
Xom
Yredelemnul

Shops:
D:8 (


Innate Abilities, Weirdness & Mutations

You have sharp fingernails.
You are mostly covered in iridescent scales. (AC +4)
You regenerate a little health from kills.
When hurt, damage is shared between your health and your magic reserves.
You regenerate magic rapidly.
You have large cloven feet.
Your body sometimes deteriorates upon taking damage.
You are very robust. (+20% HP)


Message History

You feel strangely unstable. The yak gores you.
The orc priest invokes the aid of Beogh against you.
Beogh smites you!
* * * LOW HITPOINT WARNING * * *
You hit the orc wizard.
You kick the orc wizard, but do no damage.
The orc wizard is lightly wounded.
You closely miss the yak. The yak gores you but does no damage.
The orc wizard closely misses you.
You slash the orc wizard!
The orc wizard is severely wounded.
You hit the yak but do no damage. The yak closely misses you.
The orc priest mumbles some strange prayers to Beogh against you.
Beogh smites you!
* * * LOW HITPOINT WARNING * * *
Xom roars with laughter!
The orc wizard casts a spell at you. The magic dart hits you.
You die...
Xom titters!

...# #)#
#.#...#..........#
.#####)#
##................# ##
#..#####......#..#########
#####.........####...#
#....).##.....###...##
..###.###.######..#.#
#####.##..# #.##.#
####.....## #o##.#
#......### #@##.# .....###
#Y# .# .....#


#oY .. .....# ##.. .....# ... ....)# .... ###### ..... ...... You could see 2
yaks, an orc priest and an orc wizard.

Vanquished Creatures
  A two-headed ogre (D:7)
  A meliai (shapeshifter) (D:3)
  A yak (D:8)
  An ice beast (D:8)
  A black bear (D:8)
  2 ogres
  A centaur (D:6)
  A crocodile (D:7)
  2 bullfrogs
  A wyvern skeleton (D:8)
  4 wights (D:6)
  2 bullfrog zombies
  2 crimson imps
  A quasit (D:6)
  3 hounds
  4 orc priests
  2 jellies
  Crazy Yiuf (D:5)
  A centaur skeleton (D:8)
  A gnoll shaman (D:8)
  5 orc wizards
  Jessica (D:2)
  Natasha (thrice) (D:2)
  An iguana (D:5)
  9 worker ants
  A hound skeleton (D:7)
  8 gnolls
  8 adders
  An ooze (D:3)
  4 worms
  2 dart slugs (D:1)
  3 leopard geckos
  23 orcs
  6 bats
  2 giant cockroaches
  5 hobgoblins
  12 jackals
  3 kobolds
  4 quokkas
  A ball python (D:4)
  4 frilled lizards
  8 goblins
  A jackal zombie (D:8)
  A quokka skeleton (D:5)
  4 rats
153 creatures vanquished.

Vanquished Creatures (collateral kills)
  An ogre (D:5)
1 creature vanquished.

Vanquished Creatures (others)
  A fire vortex (D:3)
1 creature vanquished.

Grand Total: 155 creatures vanquished

Notes
Turn   | Place    | Note
-------+----------+-------------------------------------------
     0 | D:1      | Oninnaise the Demonspawn Chaos Knight began the quest for
                  | the Orb.
     0 | D:1      | Reached XP level 1. HP: 18/18 MP: 1/1
    17 | D:1      | Reached skill level 3 in Axes
   117 | D:1      | Gained mutation: When hurt, damage is shared between your
                  | health and your magic reserves. [demonic ancestry]
   117 | D:1      | Reached XP level 2. HP: 21/24 MP: 2/2
   185 | D:1      | XOM: divination: detect items
   230 | D:1      | XOM: harmless Tmut miscast
   715 | D:1      | XOM: summons 1 hostile demon
   716 | D:1      | Noticed a crimson imp
   908 | D:2      | Noticed Jessica
   912 | D:2      | Reached XP level 3. HP: 29/29 MP: 3/3
   922 | D:2      | Killed Jessica
   922 | D:2      | Reached skill level 4 in Axes
   934 | D:2      | Noticed Natasha
  1023 | D:2      | XOM: 2-stop teleportation journey
  1041 | D:2      | Reached skill level 1 in Stealth
  1041 | D:2      | Gained mutation: You are partially covered in iridescent
                  | scales. (AC +2) [demonic ancestry]
  1041 | D:2      | Reached XP level 4. HP: 26/35 MP: 4/4
  1064 | D:2      | Found a basalt altar of Yredelemnul.
  1092 | D:2      | Found an opulent altar of Gozag.
  1101 | D:2      | Killed Natasha
  1191 | D:2      | Noticed Natasha
  1199 | D:2      | Killed Natasha
  1231 | D:2      | Reached skill level 5 in Axes
  1250 | D:2      | XOM: summons 2 hostile demons
  1260 | D:2      | Noticed Natasha
  1274 | D:2      | Killed Natasha
  1274 | D:2      | Gained mutation: You have sharp fingernails. [demonic
                  | ancestry]
  1274 | D:2      | Reached XP level 5. HP: 41/41 MP: 5/5
  1306 | D:2      | XOM: polymorph giant cockroach -> quokka
  1325 | D:2      | Found a sacrificial altar of Ru.
  1509 | D:2      | XOM: give mutation
  1509 | D:2      | Gained mutation: You evolve. [Xom's grace]
  1514 | D:2      | XOM: god gift: curved brass wand {god gift}
  1619 | D:3      | XOM: harmless Tmut miscast
  1794 | D:3      | Found a faded altar of an unknown god.
  1925 | D:3      | XOM: mild Hex miscast
  1937 | D:3      | XOM: mild Fire miscast
  2215 | D:3      | Gained mutation: You are mostly covered in iridescent
                  | scales. (AC +4) [demonic ancestry]
  2215 | D:3      | Reached XP level 6. HP: 13/47 MP: 3/6
  2514 | D:3      | XOM: give mutations
  2514 | D:3      | Gained mutation: You are robust. (+10% HP) [Xom's grace]
  2514 | D:3      | Gained mutation: You have a pair of small horns on your
                  | head. [Xom's grace]
  2514 | D:3      | Gained mutation: You are very robust. (+20% HP) [Xom's
                  | grace]
  2855 | D:3      | XOM: give mutations
  2855 | D:3      | Gained mutation: Your body sometimes deteriorates upon
                  | taking damage. [Xom's mischief]
  2855 | D:3      | Gained mutation: You have large cloven feet. [Xom's
                  | mischief]
  2855 | D:3      | Lost mutation: You evolve. [Xom's mischief]
  2855 | D:3      | Lost mutation: You have a pair of small horns on your head.
                  | [Xom's mischief]
  2879 | D:3      | Noticed a shapeshifter
  2879 | D:3      | a dart slug changed into a shapeshifter
  2879 | D:3      | Noticed a meliai
  2879 | D:3      | a shapeshifter changed into a meliai
  2884 | D:3      | XOM: divination: magic mapping
  2886 | D:3      | Killed a meliai
  2886 | D:3      | Reached skill level 6 in Axes
  2914 | D:3      | XOM: god gift: scroll of enchant weapon
  3136 | D:3      | XOM: scenery: create altars
  3474 | D:3      | XOM: harmless Erth miscast
  3626 | D:4      | Gained mutation: You regenerate a little health from kills.
                  | [demonic ancestry]
  3626 | D:4      | Reached XP level 7. HP: 62/62 MP: 7/7
  3674 | D:4      | XOM: 4-stop teleportation journey
  3679 | D:4      | Found a bloodstained altar of Trog.
  3732 | D:4      | XOM: god gift: vibrating pewter ring {god gift}
  3733 | D:4      | Got a vibrating pewter ring {god gift}
  4227 | D:4      | Reached skill level 7 in Axes
  4299 | D:4      | Found a white marble altar of Elyvilon.
  4325 | D:4      | XOM: divination: detect creatures
  4599 | D:5      | Entered Level 5 of the Dungeon
  4606 | D:5      | XOM: blink monster(s)
  4620 | D:5      | XOM: noise
  4885 | D:4      | Identified the ring of Noon {MR- Str+4 Dex+3 Stlth+} (Xom
                  | gifted it to you on level 4 of the Dungeon)
  4987 | D:4      | XOM: summons 4 hostile shadow creatures
  5313 | D:5      | XOM: harmless Necr miscast
  5481 | D:5      | XOM: draining
  5518 | D:5      | XOM: blink monster(s)
  5520 | D:5      | Reached skill level 8 in Axes
  5558 | D:5      | Found a runed translucent door.
  5559 | D:5      | Noticed Crazy Yiuf
  5578 | D:5      | Killed Crazy Yiuf
  5715 | D:6      | Found a blossoming altar of Fedhas.
  5715 | D:6      | Found a stormy altar of Qazlal.
  5833 | D:6      | Reached XP level 8. HP: 66/69 MP: 6/8
  5862 | D:6      | XOM: blink monster(s)
  5907 | D:6      | XOM: harmless Pois miscast
  6025 | D:6      | Found a staircase to the Ecumenical Temple.
  6180 | D:6      | Reached skill level 9 in Axes
  6180 | D:6      | Reached skill level 5 in Stealth
  6448 | D:6      | XOM: noise
  7056 | D:7      | XOM: summons 4 hostile demons
  7098 | D:7      | XOM: draining
  7317 | D:7      | XOM: god gift: 16 arrows
  7335 | D:7      | XOM: mild Air miscast
  7457 | D:7      | XOM: 2-stop teleportation journey
  7887 | D:7      | XOM: confusion (+ monsters)
  8774 | D:8      | Noticed a two-headed ogre
  8779 | D:8      | Gained mutation: You regenerate magic rapidly. [demonic
                  | ancestry]
  8779 | D:8      | Reached XP level 9. HP: 68/75 MP: 7/9
  8795 | D:8      | XOM: divination: magic mapping
  8802 | D:8      | XOM: summons friendly white imp
  8812 | D:7      | Killed a two-headed ogre
  8812 | D:7      | Reached skill level 10 in Axes
  9102 | D:8      | Found Litipach's Antique Weapon Shoppe.
  9151 | D:8      | XOM: blink monster(s)
  9153 | D:8      | XOM: enchant monster (good)
  9252 | D:8      | Reached skill level 11 in Axes
  9268 | D:8      | HP: 2/75 [orc priest/divine providence (11)]
  9268 | D:8      | Killed from afar by an orc wizard

Levels and vault maps discovered:
D:1:      enne_arrival_octagon_isle, layout_loops_ring, serial_bayou_pond_a
D:2:      layout_rooms, overflow_temple_1_default, grunt_gozag_statues,
          yredelemnul_altar_generic, uniq_natasha, uniq_jessica
D:3:      layout_loops_cross, chequers_ecumenical_altar_grove
D:4:      layout_layer_cave, kennysheep_mini, old_standard_altar, first_ration
D:5:      layout_basic, hangedman_abyss_or_decor_lesser_grid,
          uniq_crazy_yiuf_cottage
D:6:      layout_basic, grunt_temple_overflow_forces_of_nature,
          minmay_temple_entry_junction
D:7:      layout_layer_cave
D:8:      layout_rooms, nicolae_overflow_hidden_temple, serial_shops,
          nicolae_shop_trees

Skill      XL: |  1  2  3  4  5  6  7  8  9 |
---------------+----------------------------+-----
Axes           | 3 4 5 6 8 9 11 | 11.0
Stealth        | 1 2 3 5 6 |  6.7
Fighting       | |  3.0
Armour         | |  1.7
Dodging        | |  0.8

Action                   |  1- 3 |  4- 6 |  7- 9 || total
-------------------------+-------+-------+-------++-------
Melee: Hand axe          |    71 |   128 |   337 ||   536
       Kick              |       |     5 |    96 ||   101
       Headbutt          |       |     2 |       ||     2
  Use: Scroll            |     4 |     6 |    10 ||    20
       Potion            |     4 |     5 |     9 ||    18
 Stab: Invisible         |     2 |       |       ||     2
       Confused          |       |     3 |     2 ||     5
       Paralysed         |       |     1 |       ||     1
       Sleeping          |       |       |     9 ||     9
       Distracted        |       |       |     1 ||     1
  Eat: Ration            |       |     3 |     4 ||     7
       Chunk             |       |       |     2 ||     2
Armor: Leather armour    |    27 |    37 |   124 ||   188
       Skin              |       |    29 |     2 ||    31
Dodge: Dodged            |    46 |    66 |   161 ||   273

Table legend:
 A = Non-vault XP
 B = Vault XP
 C = Vault XP percentage of total XP
 D = Non-vault monster count
 E = Vault monster count
 F = Vault count percentage of total count
                 A         B        C        D         E       F
            +---------+---------+-------+---------+---------+-------
      Total |    4423 |     114 |   2.5 |     151 |       3 |   1.9
            +---------+---------+-------+---------+---------+-------
        D:1 |      39 |       0 |   0.0 |      21 |       0 |   0.0
        D:2 |     120 |      73 |  37.8 |      15 |       2 |  11.8
        D:3 |     489 |       0 |   0.0 |      27 |       0 |   0.0
        D:4 |     139 |       0 |   0.0 |      11 |       0 |   0.0
        D:5 |     498 |      41 |   7.6 |      13 |       1 |   7.1
        D:6 |     928 |       0 |   0.0 |      33 |       0 |   0.0
        D:7 |    1348 |       0 |   0.0 |      13 |       0 |   0.0
        D:8 |     862 |       0 |   0.0 |      18 |       0 |   0.0
            +---------+---------+-------+---------+---------+-------
